Cogmind - Beta 15 @@@ ROGUE MODE // 2025.05.26 @ 22:30:53 Player: Figgis Result: Destroyed by B-86 Titan with Matter Neutralizer Performance ------------- Evolutions (6) 3000 Regions Visited (15) 3000 Robots Destroyed (86) 430 Value Destroyed (2705) 2705 Prototype IDs (29) 580 Alien Tech Used (2) 400 Bonus (1322) 1322 TOTAL SCORE: 11437 Bonus ------- High Alert Combat Kills 42 Follower Combat Kills 480 Registered with UFD 300 Met Optimus in HQ 500 Cogmind --------- Core Integrity 0/1150 Matter 288/300 Energy 80/100 System Corruption 1% Temperature Cool (9) Movement Core (100) Ox1 Location -3/Proximity Caves Parts ------- > --- POWER (2) -------- (None) > --- PROPULSION (7) --- Xenon Bombardment Thruster > --- UTILITY (8) ------ Advanced Coolant Injector Core Analyzer Advanced System Shield > --- WEAPON (2) ------- Companion Sword > --- INVENTORY (5) ---- Fusion Reactor Light Antimatter Reactor Xenon Bombardment Thruster Stasis Canceller Overtuned Railgun Peak State ------------ > --- POWER ------------ Light Angular Momentum Engine Light Antimatter Reactor > --- PROPULSION ------- VTOL Module Field Propulsion Drive Field Propulsion Drive Nuclear Pulse Array Nuclear Pulse Array > --- UTILITY ---------- Active Sensor Suite Core Analyzer Hacking Suite Improved Hacking Suite System Shield Advanced System Shield > --- WEAPON ----------- Companion Sword > --- INVENTORY -------- Neutrino Core Advanced Coolant Injector Stasis Canceller Overtuned Railgun Long-range Missile Launcher [Rating: 107] Favorites ----------- Power Light Nuclear Core Engine Light Ion Engine Power Core Light Nuclear Core Reactor Light Antimatter Reactor Propulsion Cesium-ion Thruster Leg Aluminum Leg Flight Unit Cesium-ion Thruster Utility Hacking Suite Device Active Sensor Suite Storage Large Storage Unit Processor Improved Melee Analysis Suite Hackware Hacking Suite Protection Medium Armor Plating Weapon Companion Sword Energy Gun Medium Laser Ballistic Gun Heavy Assault Rifle Ballistic Cannon Light Cannon Launcher Long-range Missile Launcher Special Weapon CPS Tube Impact Weapon Heavy Flail Slashing Weapon Companion Sword Build | -11 -10 -10 -9 -8 -7 -7 -7 -7 -5 -5 -4 -4 -4 -4 -3 ------- Run | Yrd Mat Min Mat Mat Fac Sto Rec Scr Fac Ext Fac Upp Upp Zhi Pro Slots Evolved 12 | . . . 2 2 2 . . . 4 . 2 . . . . Power 1 | . . . . . . . . . 1 . . . . . . Propulsion 5 | . . . 1 1 1 . . . 1 . 1 . . . . Utility 6 | . . . 1 1 1 . . . 2 . 1 . . . . Weapon . | . . . . . . . . . . . . . . . . Parts Attached 109 | 6 3 2 13 25 8 1 . 7 7 17 7 . 6 4 3 Power 17 | 1 . . 2 3 1 1 . 1 . 5 1 . 1 1 . Engine 5 | 1 . . 2 . 1 . . . . 1 . . . . . Core 9 | . . . . 3 . 1 . 1 . 4 . . . . . Reactor 3 | . . . . . . . . . . . 1 . 1 1 . Propulsion 38 | 2 . . 6 12 1 . . . 4 10 2 . . . 1 Treads . | . . . . . . . . . . . . . . . . Leg 15 | 2 . . 6 7 . . . . . . . . . . . Wheel . | . . . . . . . . . . . . . . . . Hover . | . . . . . . . . . . . . . . . . Flight 23 | . . . . 5 1 . . . 4 10 2 . . . 1 Utility 34 | 1 2 . 3 4 5 . . 3 2 2 3 . 5 3 1 Device 7 | . . . . . 1 . . . 1 1 . . 3 . 1 Storage 5 | 1 1 . . 2 . . . . . . . . . 1 . Processor 4 | . . . . . 2 . . . . . 1 . 1 . . Hackware 9 | . . . . 1 1 . . 1 1 1 2 . 1 1 . Protection 9 | . 1 . 3 1 1 . . 2 . . . . . 1 . Artifact . | . . . . . . . . . . . . . . . . Weapon 20 | 2 1 2 2 6 1 . . 3 1 . 1 . . . 1 Energy Gun 2 | 1 . . 1 . . . . . . . . . . . . Energy Cannon . | . . . . . . . . . . . . . . . . Ballistic Gun 4 | 1 . 2 1 . . . . . . . . . . . . Ballistic Cannon 1 | . 1 . . . . . . . . . . . . . . Launcher 1 | . . . . . . . . . . . 1 . . . . Special Weapon 1 | . . . . . . . . . . . . . . . 1 Impact Weapon 7 | . . . . 6 . . . 1 . . . . . . . Slashing Weapon 4 | . . . . . 1 . . 2 1 . . . . . . Piercing Weapon . | . . . . . . . . . . . . . . . . Special Melee Weapon . | . . . . . . . . . . . . . . . . Unidentified Prototypes 9 | . . . . 1 1 . . 1 1 . . . . 5 . Corrupted Parts 1 | . . . . . . . . . 1 . . . . . . System Corruption 4 | . . . . . . . . . 4 . . . . . . Parts Lost 46 | . . . 9 6 1 . . . 8 3 11 1 . . 7 Power 6 | . . . 1 2 . . . . 1 . 2 . . . . Propulsion 22 | . . . 3 3 1 . . . 6 2 6 . . . 1 Utility 14 | . . . 3 1 . . . . 1 1 3 . . . 5 Weapon 4 | . . . 2 . . . . . . . . 1 . . 1 Highest Loss Streak 8 | . . . 5 2 1 . . . 6 1 8 1 . . 7 To Critical Strikes . | . . . . . . . . . . . . . . . . Average Backups 7 | 3 8 13 6 11 9 10 10 8 5 4 4 3 4 5 4 Power 1 | 1 1 2 . 1 1 1 1 . . 1 . . 1 2 2 Propulsion 1 | . 2 4 2 5 . . . . . . 1 . . . . Utility 1 | . 1 3 1 . 3 5 5 4 2 1 . 2 2 2 1 Weapon 2 | 1 2 3 2 5 4 4 4 3 3 2 2 1 1 1 1 Tool/Special . | . . . . . . . . . . . . . . . . Unused Backups 22 | . . 1 . 7 1 1 . 5 2 . 1 . . 1 3 Power 4 | . . . . . . 1 . . . . 1 . . 1 1 Propulsion 7 | . . . . 7 . . . . . . . . . . . Utility 4 | . . . . . . . . 3 . . . . . . 1 Weapon 7 | . . 1 . . 1 . . 2 2 . . . . . 1 Tool/Special . | . . . . . . . . . . . . . . . . Average Slot Usage (%) 75 | . 90 100 82 81 88 100 100 100 54 62 67 26 42 50 53 Engine 4 | . 14 14 10 3 . . . . . 2 4 . . . . Core 2 | . . . . 4 7 7 7 7 . 4 2 . . . . Leg 12 | . 28 28 30 32 . . . . . . . . . . . Flight 13 | . . . . 2 32 38 38 38 22 20 23 5 5 5 4 Device 3 | . . . . . 1 . . . 4 7 7 . 10 12 9 Storage 6 | . 14 14 11 9 7 7 7 7 3 . . . . . . Processor 2 | . . . . . 9 7 7 7 . . 1 5 7 10 10 Hackware 10 | . . . . 6 11 15 15 16 15 18 19 10 12 16 20 Protection 3 | . 4 14 8 5 1 7 7 5 . 1 . . . . . Energy Gun 2 | . 14 5 8 . . . . . . . . . . . . Ballistic Gun 2 | . 5 17 13 . . . . . . . . . . . . Ballistic Cannon 1 | . 8 5 . . . . . . . . . . . . . Impact Weapon 3 | . . . . 17 7 7 7 5 . . . . . . . Slashing Weapon 3 | . . . . . 5 7 7 9 5 5 4 5 5 5 5 Peak Build Rating 107 | 6 9 12 15 33 43 41 41 48 72 90 107 40 60 62 63 Average Rating 43 | 2 7 11 13 24 37 40 41 43 61 78 92 35 50 57 58 On Entrance 36 | . 6 9 12 15 25 41 41 41 48 68 83 35 35 60 60 Naked Turns . | . . . . . . . . . . . . . . . . Heaviest Build 39 | 11 35 36 38 39 23 23 23 25 23 32 30 12 10 10 8 Greatest Support 66 | 20 20 20 35 66 26 25 25 25 27 35 44 15 15 15 15 Greatest Overweight (x) 1 | . 1 1 1 1 . . . . . 1 1 . . . 1 Average Overweight (x) . | . . 1 . . . . . . . . . . . . . Largest Inventory Capacity 15 | 8 15 15 15 15 10 10 10 10 10 5 5 5 5 5 5 Average Capacity 10 | 5 14 15 15 14 10 10 10 10 8 5 5 5 5 5 5 Most Carried 15 | 5 13 15 13 15 10 10 10 10 10 5 5 4 5 5 5 Average Carried 8 | 3 8 13 6 13 9 9 10 9 7 4 4 3 4 5 4 Final Capacity 15 | 8 15 15 15 10 10 10 10 10 5 5 5 5 5 5 5 Final Carried 13 | 2 13 13 7 10 10 10 10 10 5 5 4 4 5 5 5 Class Distribution -------------------- 25% | Hacker-Scout 24% | Mutant 15% | Scavenger-Mutant 14% | Hacker-Sprinter 12% | Hacker-Mutant 3% | Hacker-Assassin Dominant Class ---------------- Mutant | -10/Materials Mutant | -10/Mines Scavenger-Mutant | -9/Materials Mutant | -8/Materials Hacker-Sprinter | -7/Factory Hacker-Sprinter | -7/Storage Hacker-Sprinter | -7/Recycling Hacker-Sprinter | -7/Scraptown Hacker-Scout | -5/Factory Hacker-Scout | -5/Extension Hacker-Scout | -4/Factory Hacker-Mutant | -4/Upper Caves Hacker-Mutant | -4/Upper Caves Hacker-Mutant | -4/Zhirov Hacker-Mutant | -3/Proximity Caves Resources | -11 -10 -10 -9 -8 -7 -7 -7 -7 -5 -5 -4 -4 -4 -4 -3 ----------- Run | Yrd Mat Min Mat Mat Fac Sto Rec Scr Fac Ext Fac Upp Upp Zhi Pro Matter Collected 1796 | 219 149 67 325 255 80 40 . 10 117 246 80 36 102 . 70 Remotely . | . . . . . . . . . . . . . . . . Salvage Created 3344 | . 402 39 603 935 22 105 138 . 57 847 114 15 . . 67 Parts 131 | . 24 5 31 17 . 6 6 . 1 31 6 1 . . 3 Haulers Intercepted . | . . . . . . . . . . . . . . . . Recyclers Shooed 2 | . 1 1 . . . . . . . . . . . . . Parts Field Recycled . | . . . . . . . . . . . . . . . . Retrieved Matter . | . . . . . . . . . . . . . . . . Parts Self-Destructed 1 | . . . . . . . . . . . . . . . 1 Prevented 5 | . . . . . . . . . . . . . 5 . . Kills | -11 -10 -10 -9 -8 -7 -7 -7 -7 -5 -5 -4 -4 -4 -4 -3 ------- Run | Yrd Mat Min Mat Mat Fac Sto Rec Scr Fac Ext Fac Upp Upp Zhi Pro Combat Hostiles Destroyed 69 | . 11 3 16 20 . 2 2 . 1 11 . 1 . . 2 Melee 27 | . . . . 9 . 2 2 . 1 11 . . . . 2 Guns 25 | . 6 3 16 . . . . . . . . . . . . Cannons 5 | . 5 . . . . . . . . . . . . . . AOE 1 | . . . . . . . . . . . . 1 . . . Classes Destroyed 9 | . 4 . 3 2 . . . . . . . . . . . Worker 1 | . . . 1 . . . . . . . . . . . . Recycler 5 | . . . . 2 . . . . . 3 . . . . . Operator 6 | . 2 . . 2 1 . . . . . 1 . . . . Watcher 5 | . 1 . 1 . . . . . . . 3 . . . . Swarmer 26 | . 3 3 6 4 . . . . . 7 . 1 . . 2 Grunt 32 | . 8 . 7 12 . 2 . . 1 2 . . . . . Brawler 1 | . . . 1 . . . . . . . . . . . . Sentry 9 | . . . 2 3 . . 2 . . 2 . . . . . Hunter 1 | . . . . 1 . . . . . . . . . . . Best Kill Streak 8 | . 6 3 8 6 1 2 2 . 1 7 1 1 . . 2 Combat Bots Only 8 | . 5 3 8 6 . 2 2 . 1 7 . 1 . . 2 Max Kills in Single Turn 2 | . 1 1 2 1 1 1 1 . 1 1 1 1 . . 1 Gunslinging 1 | . . . 1 . . . . . . . . . . . . Exploded 1 | . . . . . . . . . . . . 1 . . . Melee 1 | . . . . 1 . 1 1 . 1 1 . . . . 1 Uniques/NPCs Destroyed . | . . . . . . . . . . . . . . . . Combat | -11 -10 -10 -9 -8 -7 -7 -7 -7 -5 -5 -4 -4 -4 -4 -3 -------- Run | Yrd Mat Min Mat Mat Fac Sto Rec Scr Fac Ext Fac Upp Upp Zhi Pro Hostile Shots Fired 727 | . 33 32 139 117 . 5 81 . 115 49 47 45 10 . 54 Missed 238 | . 8 3 31 26 . 2 42 . 45 12 20 24 6 . 19 Hits 489 | . 25 29 108 91 . 3 39 . 70 37 27 21 4 . 35 Melee 2 | . . . 2 . . . . . . . . . . . . Projectile 487 | . 25 29 106 91 . 3 39 . 70 37 27 21 4 . 35 AOE 3 | . . . . . . . . . . . 3 . . . . Critical Strikes 16 | . . 1 3 5 . . . . 3 . 1 . 2 . 1 Damage Taken 7388 | . 296 340 1242 1160 29 46 280 . 1247 630 786 492 85 . 755 Core 2481 | . 41 62 129 96 4 . 60 . 754 215 335 292 42 . 451 Absorbed by Shields 183 | . . . . . . . . . . 183 . . . . . Redirected to Shielding 46 | . . . . . . . . . . 46 . . . . . Regen/Repaired (Parts) 48 | . . . . . . . . . . . 48 . . . . Core Remaining (%) 66 | 100 . 58 67 82 . . . 90 . 3 . . . . . Volleys Fired 107 | . 33 15 56 . . . . . . . 1 2 . . . Largest 2 | . 2 2 2 . . . . . . . 1 1 . . . Hottest 98 | . 80 80 98 . . . . . . . 43 43 . . . Shots Fired 174 | . 66 17 88 . . . . . . . 1 2 . . . Gun 154 | . 51 15 88 . . . . . . . . . . . . Cannon 17 | . 15 2 . . . . . . . . . . . . . Launcher 3 | . . . . . . . . . . . 1 2 . . . Special . | . . . . . . . . . . . . . . . . Kinetic 121 | . 33 15 73 . . . . . . . . . . . . Thermal 50 | . 33 2 15 . . . . . . . . . . . . Explosive 3 | . . . . . . . . . . . 1 2 . . . Electromagnetic . | . . . . . . . . . . . . . . . . Robot Hit Streak 20 | . 6 4 20 . . . . . . . . . . . . Robot Miss Streak 5 | . 4 5 3 . . . . . . . . 2 . . . Penetration Max . | . . . . . . . . . . . . . . . . Secondary Targets 5 | . . . 5 . . . . . . . . . . . . Max Gunslinging Chain 1 | . . . 1 . . . . . . . . . . . . Shots Hit Robots 238 | . 39 6 63 50 1 4 10 . 11 33 16 1 . . 4 Core Hits 92 | . 23 3 22 7 . 2 4 . 2 16 5 5 . . 3 Critical Kills 2 | . . . . 2 . . . . . . . . . . . Critical Parts Destroyed 17 | . . . 2 13 1 . 1 . . . . . . . . Critical Strikes 27 | . 1 . 3 15 1 2 3 . . . 2 . . . . Burn 2 | . 1 . 1 . . . . . . . . . . . . Destroy 2 | . . . 2 . . . . . . . . . . . . Smash 17 | . . . . 15 1 . 1 . . . . . . . . Sever 4 | . . . . . . 2 2 . . . . . . . . Melee Attacks 216 | . . . . 77 2 6 11 . 15 57 34 6 3 . 5 Impact 81 | . . . . 77 2 . 2 . . . . . . . . Slashing 135 | . . . . . . 6 9 . 15 57 34 6 3 . 5 Piercing . | . . . . . . . . . . . . . . . . Sneak Attacks 13 | . . . . 5 . . . . . 7 1 . . . . Combat Hostiles 5 | . . . . 1 . . . . . 4 . . . . . Follow-up Attacks 9 | . . . . 6 . . 1 . . 1 . . . . 1 Damage Inflicted 7773 | . 495 95 1109 2176 46 148 358 . 425 1622 865 269 . . 165 Guns 1537 | . 334 95 1108 . . . . . . . . . . . . Cannons 161 | . 161 . . . . . . . . . . . . . . Explosions 229 | . . . . . . . . . . . . 229 . . . Melee 5845 | . . . . 2176 46 148 358 . 425 1622 865 40 . . 165 Ramming 1 | . . . 1 . . . . . . . . . . . . Kinetic 1265 | . 271 95 899 . . . . . . . . . . . . Thermal 433 | . 224 . 209 . . . . . . . . . . . . Explosive 229 | . . . . . . . . . . . . 229 . . . Electromagnetic . | . . . . . . . . . . . . . . . . Impact 2258 | . . . . 2176 46 . 36 . . . . . . . . Slashing 3587 | . . . . . . 148 322 . 425 1622 865 40 . . 165 Piercing . | . . . . . . . . . . . . . . . . Highest Corruption 6 | . . . 3 . 1 1 1 1 6 6 3 3 3 3 1 Average Corruption 2 | . . . 2 . 1 1 1 1 5 6 2 3 3 2 1 Corruption Purged 3 | . . . . . . . . . . . . . . 3 . Corruption Blocked . | . . . . . . . . . . . . . . . . Effects 33 | . . . 1 . 1 . . 4 2 12 2 5 4 2 . Message Errors 5 | . . . . . . . . . 1 1 2 . 1 . . Matter Fused 11 | . . . . . 1 . . 2 1 4 . 1 1 1 . Heat Flow Errors 9 | . . . 1 . . . . 1 . 2 . 3 1 1 . Energy Discharges 2 | . . . . . . . . . . 1 . . 1 . . Data Loss (minor) 4 | . . . . . . . . 1 . 2 . 1 . . . Alerts 2 | . . . . . . . . . . 2 . . . . . Overload Shots . | . . . . . . . . . . . . . . . . Overflow Damage 1201 | . . . . 902 46 . 36 . 28 53 136 . . . . Projectiles . | . . . . . . . . . . . . . . . . Explosions . | . . . . . . . . . . . . . . . . Melee 1201 | . . . . 902 46 . 36 . 28 53 136 . . . . Knockbacks 17 | . 1 . . 15 1 . . . . . . . . . . Impact 14 | . . . . 13 1 . . . . . . . . . . Kinetic 1 | . 1 . . . . . . . . . . . . . . Secondary 2 | . . . . 2 . . . . . . . . . . . Self-Inflicted Damage 146 | . . . . . . . . . . . 30 116 . . . Shots 3 | . . . . . . . . . . . 1 2 . . . Rammed . | . . . . . . . . . . . . . . . . Targets Rammed 1 | . . . 1 . . . . . . . . . . . . Kicked 1 | . . . 1 . . . . . . . . . . . . Crushed . | . . . . . . . . . . . . . . . . Highest Temperature 305 | . 255 33 227 10 20 23 30 305 7 281 8 192 161 122 . Average Temperature 86 | . 81 18 91 6 7 11 14 115 7 130 2 89 86 62 . Received Heat Transfer 1875 | . 117 90 426 531 . 27 72 . 324 99 12 96 . . 81 Effects 3 | . . . . . . . . 3 . . . . . . . Energy Bleed 2 | . . . . . . . . 2 . . . . . . . Interference 1 | . . . . . . . . 1 . . . . . . . Siege Activations . | . . . . . . . . . . . . . . . . Martial Activations . | . . . . . . . . . . . . . . . . Shielding Activations . | . . . . . . . . . . . . . . . . Robots Disrupted 1 | . . . . . . . . . . 1 . . . . . Combat Hostiles 1 | . . . . . . . . . . 1 . . . . . Robots Corrupted 15 | . . . . 14 1 . . . . . . . . . . Combat Hostiles 11 | . . . . 11 . . . . . . . . . . . Parts Fried 21 | . . . . 20 1 . . . . . . . . . . Impact Corruptions 33 | . . . . 30 2 . 1 . . . . . . . . Robots Melted . | . . . . . . . . . . . . . . . . Combat Hostiles . | . . . . . . . . . . . . . . . . Parts Melted 2 | . . . 2 . . . . . . . . . . . . Heat Transferred 1184 | . 740 . 444 . . . . . . . . . . . . Parts Sabotaged . | . . . . . . . . . . . . . . . . Parts Stolen . | . . . . . . . . . . . . . . . . Parts Stripped . | . . . . . . . . . . . . . . . . Power Chain Reactions . | . . . . . . . . . . . . . . . . Alert | -11 -10 -10 -9 -8 -7 -7 -7 -7 -5 -5 -4 -4 -4 -4 -3 ------- Run | Yrd Mat Min Mat Mat Fac Sto Rec Scr Fac Ext Fac Upp Upp Zhi Pro Maximum Alert Level 2 | . . . 1 1 . . . . 1 2 2 . . . . Low Security (%) 68 | 100 100 100 88 84 100 100 100 . 86 34 . . . . . Level 1 25 | . . . 11 15 . . . . 13 40 83 . . . . Level 2 5 | . . . . . . . . . . 25 16 . . . . Level 3 . | . . . . . . . . . . . . . . . . Level 4 . | . . . . . . . . . . . . . . . . Level 5 . | . . . . . . . . . . . . . . . . High Security . | . . . . . . . . . . . . . . . . Max Security . | . . . . . . . . . . . . . . . . Peak Influence 583 | . 112 50 244 239 127 71 47 . 212 583 507 . . . . Initial 281 | . . 21 3 99 93 39 27 . . 99 281 . . . . Average 149 | . 39 16 119 119 98 47 31 . 72 291 324 . . . . Influence Increases 3952 | . 317 70 521 611 124 72 40 . 390 896 611 125 30 . 145 Destroy 0b10 Robot/C 1700 | . 220 60 320 400 . 40 40 . 20 540 . 20 . . 40 Destroy 0b10 Robot/NC 85 | . 15 . 10 20 5 . . . . 15 20 . . . . Destroy Leader 260 | . 52 10 62 90 . . . . . 40 6 . . . . Allied During Kill 68 | . . . . . . . . . . 68 . . . . . Trap Triggered on 0b10 10 | . . . . . . . . . 10 . . . . . . Successful Hack 105 | . . . 8 26 29 15 . . . 21 6 . . . . Disable Machine 45 | . . . . . . . . . . 30 15 . . . . Destroy Structure 69 | . . . 1 . . 2 . . . 22 44 . . . . Partial Spotted 120 | . . . . . 30 15 . . 45 15 15 . . . . Lose Combat Pursuer 990 | . 30 . 120 75 60 . . . 315 45 105 105 30 . 105 Active Sensor Use 500 | . . . . . . . . . . 100 400 . . . . Influence Decreases 3847 | . 262 115 295 641 243 88 84 27 186 525 772 254 155 160 40 Entered New Map 1178 | . . 34 7 137 113 48 44 27 . 105 294 154 55 160 . Time Decay 2113 | . 262 81 208 418 120 40 40 . 116 270 368 90 100 . . Lost Part 410 | . . . 80 60 10 . . . 70 30 110 10 . . 40 Lost Ally 120 | . . . . . . . . . . 120 . . . . . Purge Threat 26 | . . . . 26 . . . . . . . . . . . Squads Dispatched 22 | . 3 . . 2 . . . . 5 1 11 . . . . Investigation 12 | . . . . . . . . . 4 1 7 . . . . Extermination 3 | . . . . . . . . . 1 . 2 . . . . Reinforcement 7 | . 3 . . 2 . . . . . . 2 . . . . Assault . | . . . . . . . . . . . . . . . . Garrison . | . . . . . . . . . . . . . . . . Intercept . | . . . . . . . . . . . . . . . . Searches Triggered . | . . . . . . . . . . . . . . . . Construction Impeded 1 | . . . . . . . . . . . 1 . . . . Haulers Reinforced . | . . . . . . . . . . . . . . . . Active Scanning Responses 5 | . . . . . . . . . . 1 4 . . . . Cargo Convoy Interrupts . | . . . . . . . . . . . . . . . . Stealth | -11 -10 -10 -9 -8 -7 -7 -7 -7 -5 -5 -4 -4 -4 -4 -3 --------- Run | Yrd Mat Min Mat Mat Fac Sto Rec Scr Fac Ext Fac Upp Upp Zhi Pro Distress Signals 6 | . . . 1 2 1 . . . 1 1 . . . . . Communications Jammed . | . . . . . . . . . . . . . . . . Distress Signals . | . . . . . . . . . . . . . . . . Times Spotted 200 | . 17 6 28 31 6 2 3 . 25 31 16 9 5 . 21 Peak Tracking Total 20 | . 4 2 10 6 4 2 2 . 15 8 8 7 2 . 20 Tactical Retreats 33 | . 1 . 7 2 3 . . . 8 2 5 3 1 . 1 Traps | -11 -10 -10 -9 -8 -7 -7 -7 -7 -5 -5 -4 -4 -4 -4 -3 ------- Run | Yrd Mat Min Mat Mat Fac Sto Rec Scr Fac Ext Fac Upp Upp Zhi Pro Traps Triggered 8 | . 1 . 2 . 1 . . . 2 2 . . . . . Indirectly . | . . . . . . . . . . . . . . . . Trap Hack Attempts . | . . . . . . . . . . . . . . . . Triggered . | . . . . . . . . . . . . . . . . Disarmed . | . . . . . . . . . . . . . . . . Reprogrammed . | . . . . . . . . . . . . . . . . Reused 1 | . . . . . . . . . 1 . . . . . . Traps Extracted . | . . . . . . . . . . . . . . . . Installed 1 | . . . . . . . . . 1 . . . . . . Triggered 1 | . . . . . . . . . 1 . . . . . . Most Traps Carried 1 | . . . . . . . . 1 1 . . . . . . Machines | -11 -10 -10 -9 -8 -7 -7 -7 -7 -5 -5 -4 -4 -4 -4 -3 ---------- Run | Yrd Mat Min Mat Mat Fac Sto Rec Scr Fac Ext Fac Upp Upp Zhi Pro Machines Disabled 5 | . . . . . . . . . . 3 1 1 . . . Max in Single Turn 1 | . . . . . . . . . . . 1 1 . . . Garrison Access 2 | . . . . . 1 . . . . . 1 . . . . Energy Cycler 1 | . . . . . . . . . . 1 . . . . . Machines Repaired . | . . . . . . . . . . . . . . . . Machines Dismantled . | . . . . . . . . . . . . . . . . Machines Sabotaged . | . . . . . . . . . . . . . . . . Overloaded Fab Kills . | . . . . . . . . . . . . . . . . Hacking | -11 -10 -10 -9 -8 -7 -7 -7 -7 -5 -5 -4 -4 -4 -4 -3 --------- Run | Yrd Mat Min Mat Mat Fac Sto Rec Scr Fac Ext Fac Upp Upp Zhi Pro Machines Accessed 61 | . 1 . 2 7 6 3 4 8 6 8 6 . 1 9 . Terminals 29 | . 1 . 2 7 3 3 2 . 1 8 1 . 1 . . Fabricators . | . . . . . . . . . . . . . . . . Repair Stations 1 | . . . . . . . . . . . 1 . . . . Recycling Units 8 | . . . . . 1 . . . 4 . 3 . . . . Scanalyzers . | . . . . . . . . . . . . . . . . Garrison Access 4 | . . . . . 2 . . . 1 . 1 . . . . Total Hacks 225 | . 1 . 7 22 16 7 30 47 11 24 11 . 1 48 . Successful 165 | . . . 3 8 5 6 25 47 6 9 7 . 1 48 . Failed 60 | . 1 . 4 14 11 1 5 . 5 15 4 . . . . Catastrophic 11 | . 1 . 2 4 . . . . . 4 . . . . . Database Lockouts . | . . . . . . . . . . . . . . . . Manual 35 | . 1 . 3 13 2 4 . . 5 . 7 . . . . Terminals 82 | . 1 . 7 22 10 7 6 . 2 24 2 . 1 . . Fabricators . | . . . . . . . . . . . . . . . . Repair Stations 3 | . . . . . . . . . . . 3 . . . . Recycling Units 13 | . . . . . 1 . . . 7 . 5 . . . . Scanalyzers . | . . . . . . . . . . . . . . . . Garrison Access 8 | . . . . . 5 . . . 2 . 1 . . . . Terminal Hacks 150 | . . . 3 7 3 6 25 47 . 9 1 . 1 48 . Record 103 | . . . . . . . 24 38 . 4 . . 1 36 . Part Schematic 5 | . . . . . 1 . . . . . . . . 4 . Robot Analysis 17 | . . . 2 1 . 2 1 7 . . . . . 4 . Prototype ID Bank 4 | . . . . . . . . . . . . . . 4 . Open Door 6 | . . . . . . 1 . 1 . 4 . . . . . Level Access Points 1 | . . . . 1 . . . . . . . . . . . Branch Access Points 4 | . . . . 1 1 1 . . . 1 . . . . . Terminal Index 2 | . . . 1 1 . . . . . . . . . . . Recycling Unit Index 1 | . . . . . . . . . . . 1 . . . . Unreport Threat 2 | . . . . 2 . . . . . . . . . . . Locate Traps 2 | . . . . 1 1 . . . . . . . . . . Dispatch Records 1 | . . . . . . 1 . . . . . . . . . Maintenance Status 1 | . . . . . . 1 . . . . . . . . . Proto ID Catalog 1 | . . . . . . . . 1 . . . . . . . Fabricator Hacks . | . . . . . . . . . . . . . . . . Repair Station Hacks 2 | . . . . . . . . . . . 2 . . . . Scan Component 1 | . . . . . . . . . . . 1 . . . . Repair 1 | . . . . . . . . . . . 1 . . . . Recycling Unit Hacks 3 | . . . . . 1 . . . 2 . . . . . . Report Inventory 3 | . . . . . 1 . . . 2 . . . . . . Scanalyzer . | . . . . . . . . . . . . . . . . Garrison Access Hacks 2 | . . . . . 1 . . . . . 1 . . . . Seal Access 2 | . . . . . 1 . . . . . 1 . . . . Unauthorized Hacks 8 | . . . . 1 . . . . 4 . 3 . . . . Terminals 1 | . . . . 1 . . . . . . . . . . . Operators 1 | . . . . 1 . . . . . . . . . . . Fabricators . | . . . . . . . . . . . . . . . . Repair Stations . | . . . . . . . . . . . . . . . . Recycling Units 7 | . . . . . . . . . 4 . 3 . . . . Fedlink 7 | . . . . . . . . . 4 . 3 . . . . Scanalyzers . | . . . . . . . . . . . . . . . . Garrison Access . | . . . . . . . . . . . . . . . . Data Cores Recovered 2 | . . . . . 1 . . . . . 1 . . . . Used 1 | . . . . . 1 . . . . . . . . . . Hacking Detections 24 | . 1 . 2 6 4 1 2 . 3 4 1 . . . . Full Trace Events . | . . . . . . . . . . . . . . . . Feedback Events . | . . . . . . . . . . . . . . . . Feedback Blocked . | . . . . . . . . . . . . . . . . Robot Schematics Acquired . | . . . . . . . . . . . . . . . . Robots Built . | . . . . . . . . . . . . . . . . Authchips . | . . . . . . . . . . . . . . . . Time . | . . . . . . . . . . . . . . . . Total Robot Build Rating . | . . . . . . . . . . . . . . . . Part Schematics Acquired 5 | . . . . . 1 . . . . . . . . 4 . Parts Built . | . . . . . . . . . . . . . . . . Authchips . | . . . . . . . . . . . . . . . . Time . | . . . . . . . . . . . . . . . . Total Part Build Rating . | . . . . . . . . . . . . . . . . Parts Repaired 1 | . . . . . . . . . . . 1 . . . . Time 25 | . . . . . . . . . . . 25 . . . . Parts Recycled . | . . . . . . . . . . . . . . . . Recycled Matter . | . . . . . . . . . . . . . . . . Retrieved Matter . | . . . . . . . . . . . . . . . . Retrieved Components . | . . . . . . . . . . . . . . . . Parts Scanalyzed . | . . . . . . . . . . . . . . . . Part Schematics Acquired . | . . . . . . . . . . . . . . . . Parts Damaged . | . . . . . . . . . . . . . . . . Bothacking | -11 -10 -10 -9 -8 -7 -7 -7 -7 -5 -5 -4 -4 -4 -4 -3 ------------ Run | Yrd Mat Min Mat Mat Fac Sto Rec Scr Fac Ext Fac Upp Upp Zhi Pro Used RIF Installer . | . . . . . . . . . . . . . . . . Robots Hacked . | . . . . . . . . . . . . . . . . Non-combat . | . . . . . . . . . . . . . . . . Combat . | . . . . . . . . . . . . . . . . Robot Hacks Applied . | . . . . . . . . . . . . . . . . Relay Couplers Released . | . . . . . . . . . . . . . . . . Fabnet Peak Effective % . | . . . . . . . . . . . . . . . . Robots Rewired . | . . . . . . . . . . . . . . . . Allies Hacked . | . . . . . . . . . . . . . . . . Hacks Repelled . | . . . . . . . . . . . . . . . . Allies | -11 -10 -10 -9 -8 -7 -7 -7 -7 -5 -5 -4 -4 -4 -4 -3 -------- Run | Yrd Mat Min Mat Mat Fac Sto Rec Scr Fac Ext Fac Upp Upp Zhi Pro Total Allies 6 | . . . . . . . . . . 6 . . . . . Largest Group 5 | . . . . . . . . . . 5 . . . . . Highest-Rated Group 268 | . . . . . . . . . . 268 . . . . . Highest-Rated Ally 159 | . . . . . . . . . . 159 . . . . . Total Orders . | . . . . . . . . . . . . . . . . Ally Attacks 82 | . . . . . . . . . . 82 . . . . . Total Damage 2078 | . . . . . . . . . . 2078 . . . . . Kills 16 | . . . . . . . . . . 16 . . . . . Allies Corrupted . | . . . . . . . . . . . . . . . . Allies Melted . | . . . . . . . . . . . . . . . . Intel | -11 -10 -10 -9 -8 -7 -7 -7 -7 -5 -5 -4 -4 -4 -4 -3 ------- Run | Yrd Mat Min Mat Mat Fac Sto Rec Scr Fac Ext Fac Upp Upp Zhi Pro Active Infowar (turns) 1176 | . . . . . . . . . 35 361 780 . . . . A.S.S. 1176 | . . . . . . . . . 35 361 780 . . . . Robot Analysis Total 17 | . . . 2 1 . 2 1 7 . . . . . 4 . Derelict Logs Recovered 3 | . . 1 . . . . . . . . . . 2 . . Drone Launches . | . . . . . . . . . . . . . . . . Drone Recoveries . | . . . . . . . . . . . . . . . . Exploration | -11 -10 -10 -9 -8 -7 -7 -7 -7 -5 -5 -4 -4 -4 -4 -3 ------------- Run | Yrd Mat Min Mat Mat Fac Sto Rec Scr Fac Ext Fac Upp Upp Zhi Pro Turns Passed 6147 | 28 759 264 484 1029 240 98 92 579 436 590 850 194 210 138 156 Spaces Moved 9020 | 28 334 117 179 700 763 144 248 2001 887 763 1372 430 483 228 343 Core 96 | 27 . . . . . . . . . . 65 . . . 4 Treads . | . . . . . . . . . . . . . . . . Legs 1145 | 1 334 117 179 514 . . . . . . . . . . . Wheels . | . . . . . . . . . . . . . . . . Hover . | . . . . . . . . . . . . . . . . Flight 7779 | . . . . 186 763 144 248 2001 887 763 1307 430 483 228 339 Fastest Speed 23 | 50 120 190 120 26 24 24 24 24 24 23 24 40 40 40 40 Average Speed 46 | 52 186 190 170 99 25 24 24 24 30 39 29 40 40 40 40 Slowest Speed 190 | 120 190 190 190 190 27 24 24 24 40 122 100 40 40 40 100 Overloaded Moves . | . . . . . . . . . . . . . . . . Propulsion Burnouts . | . . . . . . . . . . . . . . . . Robots Hopped 13 | . . . . . 5 . . 2 1 1 4 . . . . Potential Cave-ins 7 | . . . . . . . . . . 7 . . . . . Cave-ins Triggered . | . . . . . . . . . . . . . . . . Teleports 1 | . . . . . . . . . . . . . . 1 . Exploration Rate (%) 44 | 3 53 33 20 43 22 20 59 94 19 65 33 61 67 62 51 Regions Visited 15 Branch Regions 9 Pre-discovered Areas 6 | . . 1 . . . . . 1 1 . . . . 3 . Known Exits Taken 4 | . . . . 1 1 1 . . . 1 . . . . . Unknown Exits Taken 11 | 1 1 1 1 . . . 1 1 1 . 1 1 1 1 . Scrap Searched 17 | . . 1 . . . . . 8 . . . 1 6 . 1 Spaces Dug 45 | . . . . . . 2 . . . 10 27 3 3 . . Terrain Destroyed 60 | . . . . . . 2 . . . 10 27 18 3 . . Melee 30 | . . . . . . 2 . . . 10 12 3 3 . . Projectile . | . . . . . . . . . . . . . . . . AOE 30 | . . . . . . . . . . . 15 15 . . . Terrain Rammed . | . . . . . . . . . . . . . . . . Walls Destroyed . | . . . . . . . . . . . . . . . . Machines Disabled . | . . . . . . . . . . . . . . . . Actions | -11 -10 -10 -9 -8 -7 -7 -7 -7 -5 -5 -4 -4 -4 -4 -3 --------- Run | Yrd Mat Min Mat Mat Fac Sto Rec Scr Fac Ext Fac Upp Upp Zhi Pro Total 10449 | 40 409 145 269 910 796 198 265 2099 1033 968 1757 439 494 273 354 Wait 795 | . 26 4 8 67 18 44 9 74 110 74 327 . . 34 . Move 8980 | 27 333 116 178 699 752 143 247 1997 884 760 1363 429 482 227 343 Hop 12 | . . . . . 5 . . 1 1 1 4 . . . . Pick Up 95 | 7 13 4 7 26 4 2 . 8 6 7 7 1 2 . 1 Fast Attach 44 | 1 . . . 6 7 . . 2 2 10 2 . 5 7 2 Attach 52 | 5 2 1 10 10 2 . . . 5 5 8 1 1 . 2 Detach 10 | . . . . 1 . . . . 1 3 3 . . 1 1 Swap 32 | . 1 1 5 10 1 1 . 5 . 6 2 . . . . Drop 80 | . 1 4 4 22 5 2 . 12 8 10 6 . 1 4 1 Fire 107 | . 33 15 56 . . . . . . . 1 2 . . . Melee 204 | . . . . 69 2 6 9 . 15 56 34 6 3 . 4 Ram . | . . . . . . . . . . . . . . . . Kick 1 | . . . 1 . . . . . . . . . . . . Crush . | . . . . . . . . . . . . . . . . Escape Stasis 36 | . . . . . . . . . . 36 . . . . . Rewire . | . . . . . . . . . . . . . . . . Trap 1 | . . . . . . . . . 1 . . . . . . Miscellaneous . | . . . . . . . . . . . . . . . . Route ------- -11/Scrapyard -10/Materials (discovered 2 exits: *Mat / [*Min]) -10/Mines -9/Materials -8/Materials (discovered 3 exits: *Fac x3) -7/Factory (discovered 3 exits: *Sto / Low x2) -7/Storage -7/Recycling -7/Scraptown (discovered 2 exits: *Fac x2) -5/Factory (discovered 2 exits: *Fac / *Ext) -5/Extension (discovered 2 exits: *Fac / *Cet) -4/Factory (discovered 2 exits: [*Upp x2]) -4/Upper Caves -4/Upper Caves -4/Zhirov -3/Proximity Caves History --------- Turn | Location | Event 13 | -11/Scrapyard | Discovered new exit (range 15) 29 | -11/Scrapyard | Entered Materials 308 | -10/Materials | Build established: Mutant 414 | -10/Materials | Discovered new exit (range 11) 706 | -10/Materials | Discovered new exit (range 14) 788 | -10/Materials | Entered Mines 830 | -10/Mines | Joined a pair of Derelicts in attacking an 0b10 outpost 845 | -10/Mines | Met a Derelict bent on vengeance 865 | -10/Mines | Learned location of Zion (-7) 1043 | -10/Mines | Discovered new exit (range 6) 1052 | -10/Mines | Entered Materials 1052 | -9/Materials | Evolved 2 slots: Propulsion x1, Utility x1 1203 | -9/Materials | Lost 4 parts (1p1n1u1w) 1207 | -9/Materials | Destroyed 8 combat bots 1366 | -9/Materials | Build established: Scavenger-Mutant 1481 | -9/Materials | Lost 5 parts (2n2u1w) 1518 | -9/Materials | Discovered new exit (range 16) 1536 | -9/Materials | Entered another Materials area 1536 | -8/Materials | Evolved 2 slots: Propulsion x1, Utility x1 2142 | -8/Materials | Identified exit to Factory 2342 | -8/Materials | Build established: Mutant 2565 | -8/Materials | Entered Factory 2565 | -7/Factory | Evolved 2 slots: Propulsion x1, Utility x1 2654 | -7/Factory | Identified exit to Storage 2654 | -7/Factory | Identified exit to Lower Caves 2805 | -7/Factory | Entered Storage 2811 | -7/Storage | Identified exit to Recycling 2902 | -7/Storage | Used back door to open Recycling access 2903 | -7/Storage | Entered Recycling 2955 | -7/Recycling | Build established: Hacker-Sprinter 2989 | -7/Recycling | Scanned before Scraplab entrance 2992 | -7/Recycling | Entered Scraplab 2994 | -7/Recycling | Discovered new exit (range 3) 2995 | -7/Recycling | Entered Scraptown 3004 | -7/Scraptown | Learned location of Extension (-5) 3058 | -7/Scraptown | Visited Symbiants 3066 | -7/Scraptown | Visited Cave Peace 3074 | -7/Scraptown | Visited Assassins FH 3076 | -7/Scraptown | Visited Shadow of the Wyrm 3081 | -7/Scraptown | Visited Bundlers 3159 | -7/Scraptown | Visited Fellowship of the Rings 3169 | -7/Scraptown | Visited Awakened 3178 | -7/Scraptown | Heard Great Nut preacher, LISTEN AND RECITE! 3187 | -7/Scraptown | Discovered new exit (range 5) 3215 | -7/Scraptown | Visited UFD Registry 3215 | -7/Scraptown | Registered with UFD as "Gearback" 3226 | -7/Scraptown | Visited Modified Component R&D 3238 | -7/Scraptown | Visited Science Guys 3267 | -7/Scraptown | Visited Analyses Database 3274 | -7/Scraptown | Visited Cartography Club 3353 | -7/Scraptown | Visited Supply Room 3358 | -7/Scraptown | Visited Derelict Rescue Squad 3360 | -7/Scraptown | Found DRS Beacon 3370 | -7/Scraptown | Visited Infowarlord's Domain 3376 | -7/Scraptown | Found Active Sensor Suite 3415 | -7/Scraptown | Visited Observation Area 3424 | -7/Scraptown | Visited Sword Containment 3434 | -7/Scraptown | Visited Supply Room 3522 | -7/Scraptown | Discovered new exit (range 5) 3555 | -7/Scraptown | Met Optimus 3555 | -7/Scraptown | Accepted into 0bPrime 3573 | -7/Scraptown | Civil war broke out across Scraptown 3574 | -7/Scraptown | Entered Factory 3574 | -5/Factory | Evolved 4 slots: Power x1, Propulsion x1, Utility x2 3608 | -5/Factory | Loaded intel: 8 recycling unit locations 3677 | -5/Factory | Learned location of Protoforge (-2) 3854 | -5/Factory | Core integrity fell below 50% 3873 | -5/Factory | Lost 6 parts (5n1u) 3930 | -5/Factory | Discovered new exit (range 6) 3933 | -5/Factory | Discovered new exit (range 12) 4010 | -5/Factory | Entered Extension 4034 | -5/Extension | Rescued A7 4087 | -5/Extension | Rescued a captive Derelict 4158 | -5/Extension | Build established: Hacker-Scout 4277 | -5/Extension | Rescued a captive Derelict 4277 | -5/Extension | Rescued a captive Derelict 4310 | -5/Extension | Rescued a captive Derelict 4311 | -5/Extension | Rescued a captive Derelict 4376 | -5/Extension | Core integrity fell below 20% 4406 | -5/Extension | Identified exit to Cetus 4414 | -5/Extension | Energy Cycler disabled 4592 | -5/Extension | Discovered new exit (range 10) 4597 | -5/Extension | Destroyed 7 combat bots 4597 | -5/Extension | Identified exit to Factory 4600 | -5/Extension | Entered Factory 4600 | -4/Factory | Evolved 2 slots: Propulsion x1, Utility x1 4722 | -4/Factory | Repaired Lgt. Angular Momentum Engine 4981 | -4/Factory | Loaded intel: 8 recycling unit locations 5236 | -4/Factory | Spotted B-86 Titan 5305 | -4/Factory | Discovered new exit (range 10) 5410 | -4/Factory | Lost 8 parts (2p4n2u) 5436 | -4/Factory | Discovered new exit (range 7) 5450 | -4/Factory | Entered Upper Caves 5468 | -4/Upper Caves | Attracted the attention of an 0b10 base 5492 | -4/Upper Caves | Core integrity fell below 50% 5636 | -4/Upper Caves | Discovered new exit (range 14) 5644 | -4/Upper Caves | Entered another Upper Caves area 5661 | -4/Upper Caves | Spotted B-86 Titan 5670 | -4/Upper Caves | Build established: Hacker-Mutant 5685 | -4/Upper Caves | Learned 12 Research zone layouts 5704 | -4/Upper Caves | Encountered a Warlord checkpoint 5723 | -4/Upper Caves | Learned location of 1 exit from Research 5828 | -4/Upper Caves | Discovered new exit (range 15) 5854 | -4/Upper Caves | Entered Zhirov 5854 | -4/Zhirov | Discovered new exit (range 3) 5869 | -4/Zhirov | Learned location of Quarantine (-2) 5869 | -4/Zhirov | Learned location of Testing (-3) 5869 | -4/Zhirov | Learned location of Command (-1) 5916 | -4/Zhirov | Found Alien Artifact 5916 | -4/Zhirov | Identified Transdimensional Reconstructor 5916 | -4/Zhirov | Warped through subspace 5953 | -4/Zhirov | Found Alien Artifact 5953 | -4/Zhirov | Identified Integrated Reactor 5953 | -4/Zhirov | Installed Integrated Reactor, increased core energy generation (+10) 5992 | -4/Zhirov | Entered Proximity Caves 6113 | -3/Proximity Caves | Spotted B-86 Titan 6130 | -3/Proximity Caves | Attracted the attention of an 0b10 base 6144 | -3/Proximity Caves | Core integrity fell below 20% 6148 | -3/Proximity Caves | Destroyed by B-86 Titan with Matter Neutralizer Last Messages --------------- 06014_ Acquired CPS Tube. 06111_ CPS Tube destroyed. 06113_ Mak. Cloaking Device destroyed. 06120_ Slug penetrates Wall. 06128_ G-67 Veteran springs to life. 06129_ Field Propulsion Array destroyed. 06132_ Dropped Microactuators. Companion Sword: "This is my sad face." 06135_ Adv. System Shield destroyed. 06140_ Companion Sword surprise attacks S-43 Plague. 06140_ S-43 Plague destroyed. 06141_ Penetrated by Slug. 06142_ S-43 Plague destroyed. 06144_ Lgt. Antimatter Reactor fries itself beyond repair. 06144_ Hacking Suite destroyed. 06145_ Imp. Target Analyzer destroyed. 06145_ Critical hit (Blast). 06146_ Acquired Xenon Bombardment Thruster. 06146_ Mak. System Shield destroyed. 06148_ Acquired Xenon Bombardment Thruster. Map ----- +----------------------------------------------------+ | | | | | | | | | | | | | | | | | ?????????????????????????????????????????????????? | | ?????????????????????????????????????????????????? | | ?????????????????????????????????????????????????? | | ?????????????????????????????????????????????????? | | ?????????????????????????????????????????????????? | | ?????????????????????????????????????????????????? | | ?????????????????????????????????????????????????? | | ???????????????????????####??????????????????????? | | ??????????????????????? #??????????????????????? | | ??????????????????????? #??????????????????????? | | ???????????#####++######ss#??????????????????????? | | ??????????""""" T"""# #??????????????????????? | | ??????????? ""# #??????????????????????? | | ????????????? "# #??????????????????????? | | ????????####### "# #??????????????????????? | | ????????# "#% #??????????????????????? | | ????????? "#! #??????????????????????? | | ????????? " #%@#??????????????????????? | | ????????? "" gYgg%#??????????????????????? | | ????????##### " / #??????????????????????? | | ????????# # "" # #??????????????????????? | | ????????# " # #??????????????????????? | | ????????# """# #??????????????????????? | | ????????# "??# #??????????????????????? | | ????????# # "??# #??????????????????????? | | ????????######++########p #??????????????????????? | | ? #??????????????????????? | | ? #??????????????????????? | | ? ##### ##g;#??????????????????????? | | ? ##### ????# #???????????????????????? | | ?????????### ????# #???????????????????????? | | ???????????####????#### #???????????????????????? | | ??????????????????????#BB#???????????????????????? | | ?????????????????????## #???????????????????????? | | ???????????######????# ##??????????????????????? | | ???????????? #????# ###????????????????????? | | ?????????????# ####?# ###??????????????????? | | ????????????## # ### "#??????????????????? | | ???????????## #" ### #?????????????? | | ???????????# " #?????????????? | | ??????????## #??????????????? | | ??????????# ####### ### #??????????????? | +----------------------------------------------------+ Best States ------------- Heat Dissipation 62 Energy Generation 34 Energy Capacity 530 Matter Stores 300 Matter Capacity 300 Sight Range 16 Robot Scan Range 20 Terrain Scan Density 10 Additional Mass Support 6 Armor Coverage 225 Propulsion Shielding 66 Melee Speed Boost 20 Evasion (%) 65 Melee Accuracy 12 Core Analysis 6 Offensive Hacking 22 Defensive Hacking 39 Item Schematics ----------------- Jamming Amplifier | -7/Factory | Hacked Assault Drone Bay | -4/Zhirov | Free Exp. Heat Sink | -4/Zhirov | Free Exp. Optical Array | -4/Zhirov | Free Imp. Arc Thrower | -4/Zhirov | Free Robot Schematics ------------------ None Fabricated ------------ Nothing Repaired ---------- Lgt. Angular Momentum Engine | 20% | -4/Factory Alien Tech Used ----------------- Transdimensional Reconstructor Integrated Reactor Achievements -------------- None Challenges ------------ None Game ------ Seed MiningAlphaCanceller Manual? 0 Play Time 01:38:01 Cumulative 157.1 hours Start 2025.05.26 @ 20:45:13 End 2025.05.26 @ 22:30:53 Sessions 1 Manual Loads 0 Difficulty Rogue Special Mode None Game No. 231 Rogue 228 Adventurer 3 Explorer 0 Win Type - Total 1 Types 1/0/0/0/0/0/0/0/0/0 Lore% 47 Gallery% 55 Achievement% 45 Wizard Run 0 Options --------- Layout 0 ASCII 0 Keyboard 0 Movement Mouse Keybinds 0 Fullscreen 2 Font 18/SmallcapsGlow Map View 76x50 Zoom Use 0% Tactical HUD 1 Map Filters NONE Filters NONE Steam 1 RUN: 17515ce1-d256-4200-925d-286406c468ea